[Event "15th Chennai GM Open 2025"]
[Site "Chennai"]
[Date "2025.01.02"]
[Round "1.1"]
[White "Matta, Vinay Kumar"]
[Black "Aronyak Ghosh"]
[Result "0-1"]
[ECO "B03"]
[WhiteElo "2091"]
[BlackElo "2544"]
[Annotator "TA"]
[PlyCount "114"]
[EventDate "2025.01.02"]
[EventType "swiss"]
[EventCountry "IND"]
[SourceTitle "playchess.com"]
[Source "ChessBase"]
[SourceQuality "1"]
[TimeControl "5400+30"]

1. e4 Nf6 2. e5 Nd5 3. d4 d6 4. c4 Nb6 5. f4 Bf5 6. Nc3 dxe5 7. fxe5 e6 8. Nf3 Bb4 9. a3 $1 Bxc3+ 10. bxc3 c5 11. a4 {[%emt 0:04:22] White is slightly better.} (11. dxc5 Qxd1+ 12. Kxd1 Na4 $17) 11... Nc6 12. a5 (12. dxc5 Nd7 13. a5 Nxc5 $15 (13... Ncxe5 14. a6 $15)) 12... Nd7 13. a6 b6 14. Bg5 f6 15. exf6 Nxf6 16. Qa4 Qd7 17. dxc5 bxc5 18. Rd1 Qc7 19. Bxf6 gxf6 20. Qb5 Qb6 21. Rd6 Rc8 22. Nh4 {[%emt 0:01:20] [#] aiming for Nxf5.} Bg6 23. Qxb6 (23. Rxe6+ Kf7 24. Rd6 Rhd8 25. Rxd8 (25. Qxb6 axb6 26. Rxd8 Nxd8 $11) 25... Qxd8 $14) 23... axb6 24. a7 Nd8 (24... Nxa7 $11 {keeps the balance.} 25. Rxe6+ (25. Rxb6 Rc6 $11) 25... Kf7 26. Rxb6 Rb8 27. Rxb8 Rxb8) 25. Nxg6 (25. Rxb6 $16 Ra8 26. Ra6 (26. Nxg6 hxg6 27. Rb5 Rxa7 $15)) 25... hxg6 $11 26. Bd3 f5 {[%emt 0:02:50] Prevents Be4} 27. Bc2 {[%emt 0:05:57][%cal Oe1f2] [#] Kf2! is the strong threat.} Rh7 $1 28. Ba4+ Kf8 29. Bd7 (29. Rxb6 Rxa7 30. Bc2 Rc6 $19) 29... Ra8 30. O-O Ke7 (30... Rxa7 31. Bxe6 Nxe6 (31... Ke7 32. Rxb6 Nxe6 33. Re1 $16) 32. Rxe6 $11) 31. Rfd1 {[%emt 0:00:43] And now Bb5 would win.} Rxa7 32. Bb5 Nf7 33. Rxb6 Rc7 (33... Kf6 $17 34. Ba6 Ng5) 34. Ra1 Kf6 35. Raa6 Ng5 (35... Re7 $15 {might be stronger.} 36. Bc6 (36. Rc6 Ne5 $17) 36... Nd8) 36. Bc6 $1 Ke5 37. g3 Ra7 38. h4 Rxa6 39. Rxa6 $15 {[%emt 0:00:05][%mdl 4096] Endgame. KRB-KRN} Nf7 40. Be8 Kf6 41. Bxf7 Rxf7 $11 {[%emt 0:00:02] KR-KR} 42. Rc6 Rd7 43. Rxc5 Rd3 44. Kf2 Rxc3 45. Rc8 Ke5 46. Rg8 Kf6 47. Rc8 e5 48. Rc6+ Kg7 49. Re6 e4 50. g4 Kf7 51. gxf5 {[%emt 0:01:08][%mdl 8192] Loses the game.} (51. Rd6 $11 {and White stays safe.}) 51... gxf5 $19 ({Weaker is} 51... Rxc4 52. Rxg6 (52. fxg6+ Kxe6 53. Ke3 Kf5 $19) 52... e3+ 53. Kxe3 $11) 52. Rc6 (52. Re5 Kf6 (52... Rxc4 53. Rxf5+ Kg7 54. Rb5 $11) 53. Re8) 52... f4 53. h5 Rc2+ {[%emt 0:00:12] Black mates.} 54. Ke1 f3 55. Rc5 f2+ 56. Kf1 e3 57. Kg2 Rc1 {[%emt 0:00:12] Weighted Error Value: White=0.40/Black=0.07 (flawless) .  Loses game:     	White=1     	---        Mistake:       	White=2     	Black=3      Inaccurate:     	White=4     	Black=1      OK:         	White=20    	Black=19     Best:        	White=1     	Black=4      Strong:       	White=1     	Black=1} 0-1

[Event "15th Chennai GM Open 2025"]
[Site "Chennai"]
[Date "2025.01.02"]
[Round "1.2"]
[White "Siddharth, Jagadeesh"]
[Black "Sarwat, Walaa"]
[Result "1-0"]
[ECO "C50"]
[WhiteElo "2515"]
[BlackElo "2088"]
[Annotator "TA"]
[PlyCount "111"]
[EventDate "2025.01.02"]
[EventType "swiss"]
[EventCountry "IND"]
[SourceTitle "playchess.com"]
[Source "ChessBase"]
[SourceQuality "1"]
[TimeControl "5400+30"]

1. e4 e5 2. Nf3 Nc6 3. Bc4 Bc5 4. d3 Nf6 5. Bg5 h6 6. Bh4 O-O 7. O-O Be7 8. Bg3 d6 9. a4 Be6 10. Bxe6 fxe6 11. c3 Qd7 12. b4 Qe8 13. Nbd2 Nh5 14. b5 Nb8 15. d4 exd4 16. cxd4 Nd7 17. Qb3 Qf7 18. Rac1 Bd8 19. Nc4 Qg6 20. Rfe1 Nf4 21. Qe3 Qg4 22. Rc3 Nh5 23. h3 Qg6 24. Bh2 Nhf6 25. Rcc1 Nh7 26. Kh1 Ng5 27. Nfd2 Nf7 (27... d5) 28. Nb2 (28. f4) 28... a6 $16 29. Qb3 e5 30. dxe5 dxe5 31. Nd3 ({White should play} 31. f4) 31... Kh7 ({Better is} 31... axb5 32. Qxb5 (32. Bxe5 bxa4 33. Qxb7 Qa6 $11) (32. axb5 Re8 $16) 32... Qe6) 32. f4 axb5 33. Qxb5 Qe6 34. f5 (34. Nxe5 Ndxe5 35. fxe5 Bh4 $14) 34... Qe8 35. Nf3 {[%emt 0:00:06] White is much more active.} Nb6 $2 (35... b6 $16) 36. Qb1 (36. Bxe5 $18 Rxa4 37. Qb1) 36... Rxa4 (36... Nd7 $16 37. Qxb7 Rxa4) 37. Nc5 $18 Rc4 38. Ne6 (38. Nxb7 Bf6 $16) 38... Rg8 39. Nxe5 (39. Bxe5 Rxc1 40. Rxc1 Nxe5 $18) 39... Nxe5 40. Bxe5 Qc6 (40... Bh4 {was called for.} 41. Rf1 (41. Nxc7 $2 {too greedy.} Qxe5 42. Qxb6 Rxc7 $19) 41... Qc6 42. Bxc7 (42. Nxc7 Rc8 $16) 42... Rc8) 41. Bd4 Bh4 42. Rf1 Rxc1 (42... Bg5 $142) 43. Rxc1 Nc4 44. e5 Kh8 45. Nf4 {[%emt 0:00:28] Threatens to win with Ng6+.} Rd8 {[%emt 0:00:45] [#]} 46. f6 $1 gxf6 47. Ng6+ Kg7 48. Nxh4 fxe5 49. Bxe5+ Kg8 50. Nf5 (50. Qb3 $142 Qe4 51. Qg3+ (51. Qxc4+ Qxc4 52. Rxc4 Rd1+ 53. Kh2 c6 $18) (51. Rxc4 Qe1+ 52. Kh2 Qxe5+ 53. Rf4+ Rd5 $18) (51. Bxc7 Rd4 $18) 51... Kf7 52. Qg7+ (52. Bxc7 Rd3 $18) (52. Re1 Qxe1+ 53. Qxe1 Nd6 $18) 52... Ke6 53. Qf6+ (53. Bxc7 Rd4 $18) (53. Qxh6+ Kd5 $18) (53. Qxc7 Rd7 $18) 53... Kd5 54. Qxd8+ Kxe5 55. Qe7+ (55. Qxc7+ Ke6 $18) (55. Qe8+ Kd5 $18) 55... Kd5 56. Rd1+ (56. Qxc7 Qd3 $18) 56... Qd4 57. Qf7+ (57. Rxd4+ Kxd4 58. Nf5+ Kc3 $18) 57... Kc6 58. Rxd4) 50... Qe6 51. Ba1 (51. Nxh6+ $142 Kf8 52. Rf1+ (52. Bxc7 Rd7 $18) 52... Ke8 53. Rf6 (53. Bxc7 Ne3 $18) 53... Rd6 54. Rxe6+ Rxe6 55. Qb5+ (55. Bxc7 Rxh6 56. Qe4+ Kf8 $18) 55... c6 56. Qxc4 Rxh6 57. Qg8+ Ke7 58. Qg5+ Ke6 59. Qxh6+ Kxe5 60. Qe3+ Kd6 61. h4) 51... Rf8 {[%emt 0:00:39] [#]} 52. Rxc4 $1 Rxf5 53. Rxc7 b5 54. Rg7+ Kf8 55. Rg3 (55. Rb7 $142 Ke8 56. Bd4 (56. Rxb5 Rxb5 57. Qxb5+ Kf7 $18) 56... Rh5 57. Rb8+ (57. Rxb5 Rxb5 58. Qxb5+ Kf7 $18) 57... Kd7 58. Qh7+ (58. Rxb5 Rxb5 59. Qxb5+ Kc8 $18) 58... Kd6 59. Rb6+ Kd5 60. Qb7+ (60. Rxb5+ Kxd4 61. Rxh5 Qe4 $18) (60. Rxe6 Kxe6 61. Qg6+ Kd5 $18) 60... Kxd4 61. Rxe6) 55... Qf7 {[%emt 0:00:32] [#]} 56. Qxf5 $1 1-0

[Event "15th Chennai GM Open 2025"]
[Site "Chennai"]
[Date "2025.01.02"]
[Round "1.3"]
[White "Divitt Arora"]
[Black "Iniyan, Pa"]
[Result "0-1"]
[ECO "B51"]
[WhiteElo "2086"]
[BlackElo "2508"]
[Annotator "TA"]
[PlyCount "68"]
[EventDate "2025.01.02"]
[EventType "swiss"]
[EventCountry "IND"]
[SourceTitle "playchess.com"]
[Source "ChessBase"]
[SourceQuality "1"]
[TimeControl "5400+30"]

1. e4 c5 2. Nf3 d6 3. Bb5+ Nd7 4. d4 cxd4 5. Qxd4 a6 6. Bxd7+ Bxd7 7. O-O Rc8 (7... Nf6 $5) 8. c4 e5 9. Qd3 Qc7 10. b3 b5 11. Nfd2 Nf6 12. Bb2 Be7 13. Nc3 O-O 14. Rac1 Qa5 15. a3 Qb6 16. Rfd1 (16. cxb5 $11 axb5 17. b4) 16... Bg4 $1 $15 17. Ne2 Nd7 {[%emt 0:01:23][%cal Bf6d7,Bd7c5,Bc5d3][%mdl 32] and ...Nc5 should not be overlooked} 18. h3 Nc5 19. Qe3 {[%emt 0:00:08] [#]} Bg5 $1 20. Qxg5 Bxe2 21. Re1 {[%emt 0:01:32] [#]} Bxc4 $1 22. bxc4 {[%emt 0:11:49] Black must now prevent Qe3.} Nd3 $1 $36 {[%emt 0:01:48][%csl LRb2,LRc1,LRe1,LRf2][%mdl 2048] Black is in control.} 23. Re3 Nxb2 24. Rg3 g6 {[%emt 0:00:07][%cal Rb5c4] Active counter play!} (24... Nxc4 25. Qxg7#) 25. Qh6 ({White should play} 25. Rb3 Na4 (25... Nxc4 $2 26. Rxc4 a5 27. Qf6 $18) 26. Qh6) 25... Nxc4 $17 26. Nf3 {[%emt 0:03:23] White wants to mate with Ng5.} Qb7 (26... Nxa3 27. Ng5 Rxc1+ 28. Kh2) 27. Ng5 $2 (27. Rd1) 27... f6 $19 28. Ne6 ({Reject} 28. Nxh7 Qxh7 29. Rxg6+ Kh8 30. Rxf6 (30. Rxc4 $2 bxc4 31. Rxf6 Qxh6 $19) 30... Qxh6 31. Rxh6+ Kg7) 28... Rf7 29. Rcc3 Qe7 30. Rxg6+ (30. f4 $142 Qxe6 31. f5) 30... hxg6 31. Qxg6+ Kh8 32. Rf3 Qxe6 33. Rf5 Rg7 ({Worse is} 33... Nxa3 34. Rh5+) 34. Qh6+ Rh7 0-1

[Event "15th Chennai GM Open 2025"]
[Site "Chennai"]
[Date "2025.01.02"]
[Round "1.4"]
[White "Shyam, Sundar M."]
[Black "Sharnarthi Viresh"]
[Result "1/2-1/2"]
[ECO "A45"]
[WhiteElo "2470"]
[BlackElo "2084"]
[Annotator "TA"]
[PlyCount "123"]
[EventDate "2025.01.02"]
[EventType "swiss"]
[EventCountry "IND"]
[SourceTitle "playchess.com"]
[Source "ChessBase"]
[SourceQuality "1"]
[TimeControl "5400+30"]

1. d4 Nf6 2. Bg5 Ne4 3. Bf4 d5 4. Nd2 Bf5 5. e3 e6 6. Bd3 Nd7 7. Bxe4 dxe4 8. Ne2 Bg6 9. c3 Be7 10. Qb3 O-O 11. Ng3 Nf6 12. O-O h5 13. Bg5 {[%emt 0:10:14] White is more active.} (13. Qxb7 Rb8 14. Qxc7 (14. Qxa7 Nd5 $11) 14... Qxc7 15. Bxc7 Rxb2 $15) 13... Qd5 14. h4 b5 15. Rfc1 Rfb8 16. Rc2 (16. Qxd5 {simplifies} exd5 17. Rc2 c6 18. a4) 16... Rb6 {[%emt 0:14:12] [#]} (16... Qd7 $11) 17. c4 (17. Qxd5 $1 $16 exd5 18. a4) 17... bxc4 18. Qxc4 Rab8 (18... Qd8 $14) 19. b3 $16 (19. Qxc7 Bd6 20. Qc3 Ng4 $15) 19... R8b7 20. Qe2 e5 21. Nc4 exd4 {[%emt 0:00:08] Threatens to win with ...d3.} 22. Nxb6 cxb6 (22... axb6 $142 23. exd4 Bf8 24. Bxf6 gxf6) 23. exd4 b5 (23... Kh7 $16 {is a better defense.}) 24. Nf1 $18 Qxd4 25. Rd1 Qe5 26. Ne3 {[%emt 0:00:24] Prevents Ng4} Kh7 27. g3 Qe6 28. Kg2 a6 29. Rcd2 Nd7 30. Bxe7 Qxe7 31. Nd5 Qc5 32. Qe3 b4 {[%emt 0:03:50] [#]} 33. Nf6+ $1 gxf6 34. Rxd7 Rb5 35. Qxc5 Rxc5 {[%emt 0:00:01][%mdl 4096] Endgame KRR-KRB} 36. R7d6 Ra5 37. R1d2 ({Weaker is} 37. Rxf6 Rxa2 38. Kf1 a5 $14) 37... Ra3 (37... Kg7 $142 38. Rb6 Bf5 39. Rxb4 Kh7) 38. Rxf6 Kg7 39. Rb6 a5 40. Rb2 Bf5 41. Kf1 Be6 42. Ke2 Kf6 43. Ke3 Ke5 44. Rb5+ Kd6 45. Rc2 a4 46. Rxb4 axb3 47. axb3 Rxb3+ 48. Rxb3 (48. Kxe4 $2 Rxb4+ 49. Ke3 Rb3+ 50. Kf4 Bg4 $19) 48... Bxb3 {[%emt 0:00:06] KR-KB} 49. Rb2 Bd5 50. Kf4 (50. Kd4 $142 Bc6 51. Rb8 f5 52. Rh8 Ba4 53. Rxh5 Ke6 54. Ke3 Kf6 55. Rg5) 50... f6 51. Rb8 Ke7 52. Rh8 Bf7 53. Kf5 (53. Rh7 $142 Ke6 54. Rxf7 (54. Kxe4 $2 {loses.} Bg6+ 55. Kf3 Bxh7 $19) 54... Kxf7 55. Kxe4 Kf8 56. Kf5 Kf7 57. f3 Ke7 58. Kg6) 53... Be6+ 54. Kxe4 Bf7 55. Kf5 Be6+ 56. Kg6 Bg4 {[%emt 0:00:09] [#]} 57. Rf8 $2 Kxf8 $11 58. Kxf6 Ke8 59. Kg5 Kf7 60. Kf4 $1 Kf6 61. f3 Be6 62. g4 1/2-1/2

[Event "15th Chennai GM Open 2025"]
[Site "Chennai"]
[Date "2025.01.02"]
[Round "1.5"]
[White "Choubey Saurabh"]
[Black "Mayank Chakraborty"]
[Result "1/2-1/2"]
[ECO "E61"]
[WhiteElo "2083"]
[BlackElo "2457"]
[Annotator "TA"]
[PlyCount "120"]
[EventDate "2025.01.02"]
[EventType "swiss"]
[EventCountry "IND"]
[SourceTitle "playchess.com"]
[Source "ChessBase"]
[SourceQuality "1"]
[TimeControl "5400+30"]

1. d4 Nf6 2. c4 g6 3. Nf3 Bg7 4. Nc3 O-O 5. e3 d6 6. Be2 b6 7. O-O Bb7 8. b3 Nbd7 9. Bb2 e5 10. d5 {[%emt 0:02:53] White is slightly better.} Qe7 11. e4 Nh5 12. g3 f5 13. exf5 gxf5 {[%emt 0:00:25] [#]} 14. Nxe5 $1 Nxg3 {[%emt 0:02:37] [#]} (14... Bxe5 15. Bxh5) 15. Nxd7 $1 Nxe2+ 16. Qxe2 (16. Nxe2 $16 Qxd7 17. Bxg7 Qxg7+ 18. Kh1) 16... Qxd7 $14 17. Nb5 (17. Kh1 $14) 17... Rae8 $15 18. Qd2 c6 ({Better is} 18... Bxb2 $1 $15 19. Qxb2 Bxd5) 19. Bxg7 $11 Qxg7+ 20. Kh1 cxd5 $1 (20... cxb5 $2 {perishes.} 21. Rg1 Rf6 22. Rxg7+ Kxg7 23. Rg1+ (23. cxb5 Re5 $18) 23... Rg6 24. Qd4+ (24. cxb5 Re5 $18) 24... Kf7 25. Qf4 $18 (25. cxb5 Re4 $18)) 21. cxd5 {[%emt 0:05:55][%cal Of1g1] Threatens to win with Rg1!} Re5 22. Nc3 {[%emt 0:02:15] Strongly threatening Rg1.} Qf7 23. Rad1 Qf6 24. f4 Re7 25. Rg1+ Kh8 26. Rg3 Rg8 27. Rxg8+ Kxg8 28. Rg1+ Rg7 29. Qe3 {[%emt 0:01:18] Black must now prevent Qe8+.} Rxg1+ 30. Kxg1 {[%emt 0:00:30][%mdl 4096] Endgame. KQB-KQN} Kf8 31. a4 Qg6+ 32. Kf2 Qh5 33. h3 Qh4+ 34. Qg3 Qf6 35. Qe3 h5 36. Kg2 h4 37. Kf2 Qg7 38. b4 Ba6 39. b5 Bb7 40. Qd3 Ke8 41. Ne2 Qf7 42. Nc3 Qg7 43. Ne2 Qf7 44. Nc3 Qf6 45. Ne2 Kd7 46. Nc3 Kd8 47. Ne2 Qf7 48. Nc3 Qg7 49. Ne2 Qf7 50. Nc3 Qg7 51. Ne2 Qc7 52. Qxf5 {[%emt 0:00:40] aiming for Qf8+.} Qc5+ 53. Ke1 Bxd5 54. Qf6+ Kd7 55. Qxh4 Qb4+ 56. Kf2 Qc5+ (56... Qxa4 $11 57. Qh7+ Ke8) 57. Ke1 Qb4+ 58. Kf2 Qc5+ 59. Ke1 (59. Kf1 $14) 59... Qb4+ 60. Kf2 (60. Kf1 $11) 60... Qc5+ {[%emt 0:01:04] Weighted Error Value: White=0.09 (flawless) /Black=0.06 (flawless) .  Mistake:       	White=4     	Black=2      Inaccurate:     	---       	Black=2      OK:         	White=23    	Black=16     Best:        	White=2     	Black=7      Strong:       	White=1     	Black=1} 1/2-1/2

[Event "15th Chennai GM Open 2025"]
[Site "Chennai"]
[Date "2025.01.02"]
[Round "1.6"]
[White "Shyaam Nikhil P"]
[Black "Kotikalapudi, Aditya Krishna"]
[Result "1-0"]
[ECO "B26"]
[WhiteElo "2449"]
[BlackElo "2078"]
[Annotator "TA"]
[PlyCount "53"]
[EventDate "2025.01.02"]
[EventType "swiss"]
[EventCountry "IND"]
[SourceTitle "playchess.com"]
[Source "ChessBase"]
[SourceQuality "1"]
[TimeControl "5400+30"]

1. e4 c5 2. Nc3 Nc6 3. g3 g6 4. Bg2 Bg7 5. d3 Rb8 6. Be3 b5 7. Qd2 b4 8. Nd1 d6 9. Ne2 a5 10. O-O h5 11. f4 h4 12. c3 {[%emt 0:12:01][%cal Bc2c3,Bc3d4,Bd4d5][%mdl 32] The position is equal.} hxg3 13. Nxg3 Bd7 (13... e5 $17) 14. d4 cxd4 15. cxd4 {[%emt 0:00:07] [#] Threatens to win with d5.} a4 ({Black should try} 15... e5 $15 16. dxe5 dxe5) 16. Nf2 (16. f5 $11 gxf5 17. Nxf5 Bxf5 18. Rxf5) 16... Na5 $1 $15 17. Rfc1 {[%emt 0:05:18] Prevents Nc4.} Be6 $2 {[%emt 0:07:51] [#]} (17... b3 $17 {keeps the pressure on. aiming for ...bxa2.} 18. a3 Bb5) 18. d5 $1 $36 {[%emt 0:03:27][%mdl 2048] Black is under strong pressure.} Bd7 19. Bd4 Bxd4 (19... Kf8 $1 $14) 20. Qxd4 Rh4 {[%emt 0:00:14][%mdl 8192] This costs Black the game.} (20... f6 $16) 21. Qg7 $18 {[%emt 0:00:32][%cal Rg7g8] White is clearly winning.} Bc8 22. Qxg8+ Kd7 23. Qxf7 Qe8 24. Qg7 Rxf4 25. Qd4 Qd8 26. Qa7+ Bb7 27. Qe3 {[%emt 0:03:00] Weighted Error Value: White=0.24 (precise) /Black=0.37.  Loses game:     	---       	Black=1      Mistake:       	White=1     	Black=4      Inaccurate:     	White=2     	Black=1      OK:         	White=2     	Black=4      Best:        	White=1     	Black=1      Strong:       	White=1     	Black=1} 1-0

[Event "15th Chennai GM Open 2025"]
[Site "Chennai"]
[Date "2025.01.02"]
[Round "1.7"]
[White "Mehta Naitik R"]
[Black "Rios Gomez, Cristhian Camilo"]
[Result "0-1"]
[ECO "B30"]
[WhiteElo "2075"]
[BlackElo "2435"]
[Annotator "TA"]
[PlyCount "70"]
[EventDate "2025.01.02"]
[EventType "swiss"]
[EventCountry "IND"]
[SourceTitle "playchess.com"]
[Source "ChessBase"]
[SourceQuality "1"]
[TimeControl "5400+30"]

1. e4 c5 2. Nf3 Nc6 3. g3 e5 4. Bg2 g6 5. h4 Nf6 6. d3 h6 7. O-O Bg7 8. Nbd2 d5 9. c3 O-O 10. Re1 d4 11. c4 ({White should try} 11. Nc4 $15) 11... Ng4 12. Nh2 Nxh2 13. Kxh2 f5 {[%emt 0:00:02] Black is more active.} ({Black should play} 13... Be6 $17) 14. exf5 $11 gxf5 15. a3 {[%emt 0:18:41] [#]} (15. Bd5+ $1 $11 Kh8 16. Nf3) 15... e4 $1 $17 16. dxe4 f4 17. e5 $2 fxg3+ (17... Bxe5 18. Bd5+ Kg7 19. Kg2 fxg3 20. fxg3 $15) 18. fxg3 Nxe5 19. Rxe5 (19. Bd5+ $142 Kh8 20. Nf3) 19... Bxe5 $19 20. Qh5 $2 {[%emt 0:00:35] [#]} (20. Bd5+ {was the only chance.} Kh8 21. Nf3) 20... Bxg3+ $1 21. Kg1 (21. Kh1 Qxh4+) 21... Bf2+ (21... Bxh4 $2 22. Qg6+ (22. Nf3 Bf6 $17) 22... Kh8 23. Qxh6+ Kg8 24. Bd5+ $18) 22. Kh1 {[%emt 0:00:44] Threatens to win with Qg6+.} Qxh4+ 23. Qxh4 Bxh4 24. Ne4 Kh7 25. Nxc5 Bg4 26. Be4+ Kg7 27. Bd2 Rae8 28. Rg1 h5 29. Bxb7 Re2 30. Rg2 Rf1+ 31. Kh2 Rff2 32. Bb4 Rxg2+ 33. Bxg2 Be7 {[%emt 0:00:38][%cal Oe7c5] and ...Bxc5! should not be overlooked} 34. Kg1 Bxc5 35. Bxc5 d3 (35... Rxb2 $2 {perishes.} 36. Bxd4+ Kf7 37. Bxb2 $18) 0-1

[Event "15th Chennai GM Open 2025"]
[Site "Chennai"]
[Date "2025.01.02"]
[Round "1.8"]
[White "Das, Sayantan"]
[Black "Arshpreet Singh"]
[Result "1-0"]
[ECO "B44"]
[WhiteElo "2434"]
[BlackElo "2073"]
[Annotator "TA"]
[PlyCount "109"]
[EventDate "2025.01.02"]
[EventType "swiss"]
[EventCountry "IND"]
[SourceTitle "playchess.com"]
[Source "ChessBase"]
[SourceQuality "1"]
[TimeControl "5400+30"]

1. e4 c5 2. Nf3 e6 3. d4 cxd4 4. Nxd4 Nc6 5. g3 Qc7 6. Bg2 Nf6 7. O-O Nxd4 8. Qxd4 Bc5 9. Qc3 Qb6 10. Nd2 Bd4 ({Black should try} 10... Qc7 $14) 11. Qb3 (11. Qd3 $16 {aiming for Nc4.} e5 12. Nb3) 11... Qxb3 12. axb3 d5 {[%emt 0:01:11] Repels Nc4} 13. exd5 exd5 14. Nf3 Bb6 15. Re1+ Kf8 (15... Be6 $142) 16. Be3 Bxe3 17. Rxe3 (17. fxe3 g6 $11) 17... g6 18. Nd4 Kg7 19. b4 {[%emt 0:08:59] White has more active pieces.} Bd7 20. Rea3 a6 {[%emt 0:00:17] [#]} 21. b5 $1 Rab8 22. bxa6 bxa6 23. b3 (23. Rxa6 Rxb2 24. Ra7 Rb4 $17) 23... Rb4 24. Rd1 Ra8 {[%emt 0:05:49] [#]} 25. Ra5 $1 Bg4 26. f3 Bd7 27. Bf1 g5 (27... Bc8 $16 28. c3 Rb6) 28. Rxa6 $18 Rc8 29. g4 h5 30. h3 Rc3 31. Be2 h4 32. Ra2 Nh7 (32... Ne8 $16 33. Ra5 Nc7) 33. Ra7 (33. Ra5 $18) 33... Nf8 $16 34. Kf2 Kf6 35. Ra5 Be6 36. Rb5 (36. Ra6 $16) 36... Rxb5 $14 37. Bxb5 Ng6 38. Re1 Nf4 39. Bf1 Bd7 40. Re3 Rc8 41. Ke1 Ne6 42. Nxe6 fxe6 $11 {[%emt 0:00:04][%mdl 4096] Endgame KRB-KRB. White is a pawn up.} 43. Kd2 e5 44. Re1 ({Better is} 44. Rc3 $1 $14) 44... d4 (44... Ra8 $11 {remains equal.}) 45. Ra1 $16 Bc6 46. Bd3 Ke7 (46... Bxf3 $2 47. Rf1 Ke7 48. Rxf3 $18) (46... Bd5 $142) 47. Ra7+ Kd6 48. Rf7 Rg8 (48... Bd5 $16 49. Rf6+ Ke7) 49. Rf6+ $18 Kd7 50. Rf5 Bd5 $2 (50... Kd6 {was necessary.} 51. Rf6+ Kc7) 51. Rxe5 Bxf3 52. Be4 Rf8 53. Rd5+ Ke6 (53... Kc7 $142) 54. Rf5 Rxf5 55. gxf5+ ({Inferior is} 55. Bxf5+ Kd5 $11) 1-0

[Event "15th Chennai GM Open 2025"]
[Site "Chennai"]
[Date "2025.01.02"]
[Round "1.9"]
[White "Rosh Jain"]
[Black "Deepan Chakkravarthy J."]
[Result "0-1"]
[ECO "B06"]
[WhiteElo "2071"]
[BlackElo "2413"]
[Annotator "TA"]
[PlyCount "114"]
[EventDate "2025.01.02"]
[EventType "swiss"]
[EventCountry "IND"]
[SourceTitle "playchess.com"]
[Source "ChessBase"]
[SourceQuality "1"]
[TimeControl "5400+30"]

1. e4 g6 2. d4 Bg7 3. Nc3 a6 4. a4 d6 5. Bc4 Nc6 6. Nf3 Nf6 7. Be3 O-O 8. Bb3 Bg4 9. h3 Bxf3 10. Qxf3 e5 11. dxe5 dxe5 12. Nd5 Nd4 13. Bxd4 exd4 14. Nxf6+ Bxf6 (14... Qxf6 {simplifies} 15. Qxf6 Bxf6 16. f4 Rad8) 15. h4 Qd6 16. h5 {[%emt 0:04:28] aiming for hxg6.} g5 17. O-O Rae8 18. g3 Kh8 19. Rae1 Bg7 20. Bc4 (20. Bxf7 $2 Re7 21. e5 (21. h6 $2 Be5 $19) 21... Bxe5 (21... Rexf7 $2 22. Qxf7 Bxe5 23. Qb3 $18) 22. Qxb7 Rexf7 $19 (22... Rfxf7 $2 23. Re2 $19)) 20... Re5 21. Qg4 {[%emt 0:10:16] Wards off Qd7} (21. Bxf7 $2 Re7 22. Qg4 (22. h6 $2 Be5 $19) 22... Rexf7 $19 (22... Rfxf7 $2 23. Qxg5 Re5 24. Qd2 $19)) (21. Rd1 $11) 21... Qb4 $1 $15 22. Qe2 {[%emt 0:06:24] White is weak on the dark squares} f5 23. Bd3 (23. b3 $142) 23... f4 $17 (23... Qxa4 24. f4 gxf4 25. gxf4 $15) 24. Qg4 Qxa4 {[%emt 0:00:07] Black is much more active.} 25. b3 Qe8 26. Ra1 f3 (26... h6 $19 {is more deadly.} 27. Rfe1 Qc6) 27. b4 Qe6 28. Qxe6 Rxe6 29. Ra5 Be5 30. Bc4 Re7 31. b5 axb5 32. Rxb5 b6 33. Rd1 (33. h6 $17) 33... Kg7 $19 34. Rd3 Kh6 35. Rbb3 $2 (35. g4 $17) 35... g4 (35... Kxh5 36. Rxf3 Ra8 37. Rf5 $11) 36. Bd5 Kxh5 37. Ra3 (37. Rb5 {was necessary.}) 37... Kg5 38. Ra7 h5 39. Rda3 h4 40. gxh4+ Kxh4 41. Ra8 Ree8 42. Rxe8 Rxe8 {[%emt 0:00:01][%mdl 4096] Endgame KRB-KRB. Black is two pawns up.} 43. Bc6 (43. Ra8 $142 Rxa8 44. Bxa8) 43... Rd8 44. Bd5 (44. Kf1 $142) 44... Kg5 45. Ra8 Rxa8 46. Bxa8 {[%emt 0:00:06] KB-KB. Black is two pawns up.} g3 {[%emt 0:05:52][%cal Od4d3] ( -> ...d3!)} 47. fxg3 Bxg3 {[%emt 0:00:02] White must now prevent ...Kf4.} 48. e5 f2+ (48... Bxe5 49. Kf2 $17) 49. Kg2 {[%emt 0:00:08] [#]} Kf5 $1 {[%emt 0:00:04][%cal Of5e5] ( -> ...Kxe5!)} 50. Bb7 {[%emt 0:00:50] [#]} (50. Kf1 Kxe5) 50... Kxe5 $1 51. Ba6 (51. Bc6 Kf4) 51... Kf4 52. Bb5 Bh4 53. Kh3 Be7 54. Kg2 Ke3 55. Kf1 Bb4 56. Bc6 Be1 57. Bb5 Kd2 0-1

[Event "15th Chennai GM Open 2025"]
[Site "Chennai"]
[Date "2025.01.02"]
[Round "1.10"]
[White "Vaz, Ethan"]
[Black "Abhay Bandewar"]
[Result "1-0"]
[ECO "B31"]
[WhiteElo "2412"]
[BlackElo "2070"]
[Annotator "TA"]
[PlyCount "59"]
[EventDate "2025.01.02"]
[EventType "swiss"]
[EventCountry "IND"]
[SourceTitle "playchess.com"]
[Source "ChessBase"]
[SourceQuality "1"]
[TimeControl "5400+30"]

1. e4 c5 2. Nf3 Nc6 3. Bb5 g6 4. Bxc6 dxc6 5. d3 Bg7 6. a4 a5 7. Nbd2 Qc7 8. Qe2 {[%emt 0:04:00] The position is equal.} e5 9. Nc4 Bg4 10. Be3 b6 11. h3 {[%emt 0:06:40] White is more active.} Be6 12. Nfd2 Nf6 13. O-O Nh5 14. b4 b5 $1 15. axb5 cxb5 16. Nxa5 Nf4 17. Qf3 cxb4 18. Nab3 O-O 19. Nc5 Ra3 20. Rab1 Qc6 21. Rxb4 Rc3 22. Nxe6 Nxe6 23. Qd1 Rxc2 24. Qb1 ({But not} 24. Rxb5 $2 Rxd2 25. Qb1 Rc2 $19) (24. Nc4 $5 Rc3 25. Qd2 $16) 24... Rd8 (24... Nf4 $11) 25. Rxb5 (25. Nc4 {simplifies} Rc3 26. Rxb5 Rdxd3 27. Nxe5 Bxe5 28. Rxe5 Rb3 29. Qa2) 25... Rxd3 26. Nf3 Rdc3 27. Nxe5 ({Better is} 27. Rb8+ $16 Nf8 28. Rd1) 27... Qxe4 $11 28. Rb8+ Nf8 29. Nd7 {[%emt 0:01:47][%cal Ob8f8] [#] Strongly threatening Rxf8+!} Rxe3 $4 (29... Qe7 $11 30. Nb6 Qe4) 30. Rxf8+ {[%emt 0:00:17] Weighted Error Value: White=0.09 (flawless) /Black=0.13 (very precise) .  Loses game:     	---       	Black=1      Mistake:       	White=1     	Black=1      Inaccurate:     	White=3     	Black=3      OK:         	White=10    	Black=7      Best:        	White=2     	Black=3      Strong:       	---       	Black=1} 1-0